 Dungeon Crawl Stone Soup version 0.20.0-10-g0535bb4 (webtiles) character file.

183 MTVSty1e the Poker (level 5, -4/42 HPs)
             Began as a Formicid Gladiator on June 3, 2017.
             Slain by a gnoll
             ... wielding a +0 halberd
              (11 damage)
             ... on level 3 of the Dungeon.
             The game lasted 00:04:11 (2359 turns).

MTVSty1e the Poker (Formicid Gladiator)             Turns: 2359, Time: 00:04:13

Health: -4/42      AC:  7    Str: 23    XL:     5   Next: 94%
Magic:  5/5        EV: 12    Int:  7    God:
Gold:   183        SH:  0    Dex: 12    Spells: 4/4 levels left

rFire    . . .     SeeInvis +   a - +0 trident
rCold    . . .     Gourm    .   (no shield)
rNeg     . . .     Faith    .   h - +0 leather armour (curse)
rPois    .         Spirit   .   (helmet unavailable)
rElec    .         Reflect  .   (no cloak)
rCorr    .         Harm     .   o - +2 pair of gloves {Str+3}
MR       .....                  n - +0 pair of boots
Stlth    +.........             q - amulet of magic regeneration
Regen    0.2/turn               (no ring)
MPRegen  0.2/turn               (no ring)

@: no status effects
A: permanent stasis, dig shafts and tunnels, four strong arms, antennae 3
a: Dig, Shaft Self


You were on level 3 of the Dungeon.
You were not hungry.

You visited 1 branch of the dungeon, and saw 3 of its levels.

You collected 183 gold pieces.

Inventory:

Hand Weapons
 a - a +0 trident (weapon)
Missiles
 c - 3 throwing nets (quivered)
Armour
 b - a +0 leather armour
 h - a cursed +0 leather armour (worn)
 l - a +0 pair of gloves
 n - a +0 pair of boots (worn)
 o - a +2 pair of gloves of strength (worn)
 t - a +0 scale mail
Jewellery
 q - an amulet of magic regeneration (around neck)
Wands
 s - a wand of confusion (7/48)
Scrolls
 e - a scroll of fog
 g - a scroll of blinking
 i - 7 scrolls of identify
 m - a scroll of teleportation
Potions
 j - a potion of heal wounds {unknown}
 k - 2 potions of curing
Comestibles
 d - a bread ration
 f - 3 royal jellies


   Skills:
 + Level 4.0 Fighting
 * Level 5.2 Polearms
 - Level 2.0 Throwing
 - Level 2.6 Dodging


You had 4 spell levels left.
You didn't know any spells.

Dungeon Overview and Level Annotations

Branches:
Dungeon (3/15)

Altars:
Cheibriados
Nemelex Xobeh
Zin

Annotations:
D:3 Natasha


Innate Abilities, Weirdness & Mutations

You cannot be hasted, slowed, berserked, paralysed or teleported.
You can dig through walls and to a lower floor.
Your four strong arms can wield two-handed weapons with a shield.
You have a pair of large antennae on your head. (SInv)


Message History

The gnoll hits you from afar with a spear.
A gnoll comes into view. It is wielding an enchanted whip.
The gnoll shouts!
The kobold throws a stone.
The stone hits you.
You see here a stone.
The gnoll hits you from afar with a spear.
The adder misses you.
You see here 4 stones.
You closely miss the adder. The adder bites you.
The gnoll completely misses you.
You miss the adder. The adder barely misses you.
The adder bites you but does no damage. The gnoll closely misses you.
You hit the adder but do no damage. The adder bites you.
You puncture the adder!
You kill the adder!
Your Fighting skill increases to level 4!
The gnoll hits you with a halberd!
* * * LOW HITPOINT WARNING * * *
The gnoll hits you from afar with a halberd!
You die...

#.....#.###.##..##.##.##
#...........##..##.....#
#...............##.##...
#.....)....####.#####...
#........# #.#.......
#####.#..# #.#.###...
#.#..####.#.#...).
#.#.....#.#.#.#.#.
#@#..##.#.#.#.#.#.
#.#.....#.#.#.#.#.
#g#.......#.#.#.#.
#Kg{......#.#.#...
###.......# #.####
#g.((...# #.. {{
##..#†..# ### .........#
####........


You could see 2 gnolls and a kobold.

Vanquished Creatures
  A hound (D:3)
  Natasha (D:3)
  Ijyb (D:3)
  5 adders
  A worm (D:2)
  3 dart slugs
  A leopard gecko (D:3)
  An orc (D:3)
  2 giant cockroaches
  4 goblins
  12 hobgoblins
  7 kobolds
  5 bats
  4 frilled lizards
  2 rats (D:2)
50 creatures vanquished.

Notes
Turn   | Place    | Note
-------+----------+-------------------------------------------
     0 | D:1      | MTVSty1e the Formicid Gladiator began the quest for the Orb.
     0 | D:1      | Reached XP level 1. HP: 16/16 MP: 1/1
    60 | D:1      | Reached XP level 2. HP: 23/23 MP: 2/2
   369 | D:1      | Reached XP level 3. HP: 25/28 MP: 3/3
   843 | D:2      | Found a glowing silver altar of Zin.
  1103 | D:2      | Reached skill level 4 in Polearms
  1198 | D:2      | Reached XP level 4. HP: 34/34 MP: 4/4
  1295 | D:2      | Found a sparkling altar of Nemelex Xobeh.
  1538 | D:3      | Reached XP level 5. HP: 39/41 MP: 5/5
  1570 | D:3      | Noticed Ijyb
  1631 | D:3      | Killed Ijyb
  1798 | D:3      | Found a snail-covered altar of Cheibriados.
  1826 | D:3      | Reached skill level 5 in Polearms
  2010 | D:3      | Noticed Natasha
  2025 | D:3      | Killed Natasha
  2058 | D:3      | Noticed Natasha
  2359 | D:3      | Slain by a gnoll

Skill      XL: |  1  2  3  4  5 |
---------------+----------------+-----
Polearms       | 4 5 |  5.2
Fighting       | 3 4 |  4.0
Throwing       | |  2.0
Dodging        | |  2.6

Action                   |  1- 3 |  4- 6 || total
-------------------------+-------+-------++-------
Melee: Trident           |   102 |   124 ||   226
  Use: Scroll            |       |     5 ||     5
       Potion            |       |     4 ||     4
 Stab: Sleeping          |     1 |     1 ||     2
  Eat: Chunk             |       |     2 ||     2
       Meat ration       |       |     1 ||     1
Armor: Leather armour    |    23 |    31 ||    54
Dodge: Dodged            |    56 |    74 ||   130
